 Dungeon Crawl Stone Soup version 0.19.5 (webtiles) character file.

2391 Haldmier the Carver (level 9, -2/54 HPs)
             Began as a High Elf Skald on Apr 9, 2017.
             Was a Follower of Ashenzari.
             Slain by a six-headed hydra (4 damage)
             ... on level 7 of the Dungeon.
             The game lasted 00:32:48 (8837 turns).

Haldmier the Carver (High Elf Skald)                Turns: 8837, Time: 00:32:48

Health: -2/54      AC:  9    Str: 14    XL:     9   Next: 22%
Magic:  5/13       EV: 11    Int: 16    God:    Ashenzari [*.....]
Gold:   260        SH:  0    Dex: 16    Spells: 4 memorised, 3 levels left

rFire  + . .     SeeInvis .     m - +1 rapier (elec)
rCold  . . .     Gourm    .     b - +0 leather armour
rNeg   . . .     Faith    .     (no shield)
rPois  .         Spirit   .     (no helmet)
rElec  .         Reflect  .     n - +0 cloak
rCorr  .         Harm     .     (no gloves)
MR     .....                    K - +2 pair of boots
Stlth  +.........               (no amulet)
                                v - ring of protection from fire
                                k - +2 ring of protection

@: infused
A: no striking features
a: Curse Item, Scrying, Renounce Religion


You were on level 7 of the Dungeon.
You worshipped Ashenzari.
Ashenzari was aware of your devotion.
You were hungry.

You visited 2 branches of the dungeon, and saw 8 of its levels.
You also visited: Sewer.

You collected 501 gold pieces.
You spent 241 gold pieces at shops.

Inventory:

Hand Weapons
 a - a +1 falchion
 m - a +1 rapier of electrocution (weapon)
 u - a +0 hand crossbow
 D - the cursed +13 scythe of Curses {drain, *Curse}
   (You found it on level 5 of the Dungeon)

   A truly terrible weapon, it drains the life of those it strikes.
   It may re-curse itself when equipped.
   It has a curse placed upon it.
 I - a +5 dagger of venom
Missiles
 i - 198 stones (quivered)
 y - 26 bolts
Armour
 b - a +0 leather armour (worn)
 f - a +0 ring mail
 n - a +0 cloak (worn)
 o - a +1 shield
 K - a +2 pair of boots (worn)
Jewellery
 k - a +2 ring of protection (left hand)
 v - a ring of protection from fire (right hand)
Wands
 r - a wand of iceblast (0/15)
 J - a wand of polymorph (10/24)
Scrolls
 j - 7 scrolls of remove curse
 s - 2 scrolls of fear
 w - 2 scrolls of enchant weapon
 x - 4 scrolls of teleportation
 G - a scroll of blinking {unknown}
 H - a scroll of identify
Potions
 e - a potion of invisibility {unknown}
 g - 3 potions of resistance
 h - a potion of beneficial mutation {unknown}
 p - a potion of berserk rage {unknown}
 t - a potion of might {unknown}
 z - 3 potions of brilliance {unknown}
 A - a potion of magic {unknown}
 B - 3 potions of heal wounds {unknown}
 C - 4 potions of flight
 E - 2 potions of agility {unknown}
 F - 2 potions of haste {unknown}
Books
 c - a book of Battle

   Spells                             Type                      Level
   a - Infusion                       Charms                       1
   b - Shroud of Golubria             Charms/Translocation         2
   c - Song of Slaying                Charms                       2
   d - Spectral Weapon                Hexes/Charms                 3
   e - Regeneration                   Charms/Necromancy            3
Comestibles
 d - 10 bread rations
 l - 4 fruits
 q - 5 meat rations


   Skills:
 - Level 2.0 Fighting
 - Level 9.2 Long Blades
 - Level 0.8 Armour
 - Level 1.1 Dodging
 + Level 4.7 Shields
 - Level 2.4 Spellcasting
 - Level 4.1 Hexes
 - Level 7.0 Charms
 - Level 3.0 Necromancy
 - Level 3.1 Translocations


You had 3 spell levels left.
You knew the following spells:

 Your Spells              Type           Power        Failure   Level  Hunger
a - Infusion              Chrm           ###.         1%          1    #......
b - Shroud of Golubria    Chrm/Tloc      ###.......   6%          2    ###....
c - Spectral Weapon       Hex/Chrm       ###.....     10%         3    ###....
d - Regeneration          Chrm/Necr      ###.......   12%         3    ###....


Dungeon Overview and Level Annotations

Branches:
Dungeon (7/15)             Temple (1/1) D:4

Altars:
Ashenzari
Cheibriados
Dithmenos
Elyvilon
Fedhas
Hepliaklqana
Kikubaaqudgha
Makhleb
Nemelex Xobeh
Okawaru
Qazlal
Ru
Sif Muna
Trog
Uskayaw
Vehumet
Xom
Yredelemnul
Zin
The Shining One

Shops:
D:7 %[

Annotations:
D:3 Grinder
D:4 Grinder + Natasha


Message History

The six-headed hydra bites you. The six-headed hydra bites you! x2
* * * LOW HITPOINT WARNING * * *
You take 42 damage, and have 12/54 hp.
MASSIVE DAMAGE!!
You now have 6/13 mp.
You hit the six-headed hydra!
The six-headed hydra is almost dead.
The six-headed hydra closely misses you.
The six-headed hydra bites you.
* * * LOW HITPOINT WARNING * * *
The six-headed hydra closely misses you.
The six-headed hydra bites you!
* * * LOW HITPOINT WARNING * * *
The six-headed hydra bites you but does no damage.
The six-headed hydra barely misses you.
You take 10 damage, and have 2/54 hp.
You now have 5/13 mp.
Your leather armour prevents you from hitting the six-headed hydra.
The six-headed hydra is almost dead.
The six-headed hydra bites you but does no damage.
The six-headed hydra closely misses you.
The six-headed hydra bites you.
You die...

#####.#######)###### .#
##p##'####.##p##.####.#
........)...(.........Z
...........(...........
...>........(..........
.............∩.........
##'#####..(####..####'#
##....##..(####(####..##
#............#..@.......
#....[.......#.OD.......
#.....(...(..#..........
##..######<.#####'##...#
#### #..# .# ### #..# ..
#..' ... #..#. ...
...#..


You could see a six-headed hydra, an ogre and a neutral freed slave (wandering).

Vanquished Creatures
  Pikel (D:6)
  Duvessa (D:7)
  A slave (D:7)
  A black bear (D:6)
  A sky beast (D:5)
  2 ogres (D:4)
  2 centaurs
  2 bullfrogs
  Dowan (D:7)
  2 scorpions
  2 howler monkeys
  A crimson imp (D:7)
  A bullfrog zombie (D:7)
  5 hounds
  A jelly (D:6)
  2 orc wizards
  2 orc priests (D:5)
  2 iguanas (D:6)
  Natasha (twice) (D:3)
  9 worker ants
  A hound skeleton (D:4)
  A howler monkey zombie (D:4)
  A worker ant zombie (D:5)
  3 gnolls (D:5)
  A howler monkey skeleton (D:5)
  7 adders
  4 oozes
  An adder skeleton (D:3)
  11 worms
  5 dart slugs
  6 leopard geckos
  8 orcs
  2 ball pythons
  8 giant cockroaches
  4 goblins (D:1)
  5 hobgoblins
  4 jackals (Sewer)
  3 quokkas
  10 bats
  9 frilled lizards
  11 kobolds
  A leopard gecko skeleton (D:6)
  A leopard gecko zombie (D:6)
  9 rats
157 creatures vanquished.

Vanquished Creatures (others)
  2 spectral weapons
2 creatures vanquished.

Grand Total: 159 creatures vanquished

Notes
Turn   | Place    | Note
-------+----------+-------------------------------------------
     0 | D:1      | Haldmier the High Elf Skald began the quest for the Orb.
     0 | D:1      | Reached XP level 1. HP: 14/14 MP: 4/4
   190 | D:1      | Reached skill level 3 in Long Blades
   246 | D:1      | Reached XP level 2. HP: 8/19 MP: 4/6
   633 | D:1      | Learned a level 2 spell: Shroud of Golubria
  1287 | D:1      | Reached skill level 1 in Translocations
  1287 | D:1      | Reached XP level 3. HP: 16/24 MP: 4/7
  1413 | D:2      | Reached skill level 4 in Long Blades
  1423 | D:2      | Learned a level 3 spell: Spectral Weapon
  1807 | D:2      | Noticed a moth of wrath
  1810 | D:2      | Found a bloodstained altar of Trog.
  2210 | D:2      | Reached XP level 4. HP: 22/29 MP: 5/8
  2553 | D:3      | Reached skill level 1 in Hexes
  2711 | D:3      | Noticed Natasha
  2753 | D:3      | Killed Natasha
  3049 | D:3      | Reached skill level 5 in Long Blades
  3049 | D:3      | Reached XP level 5. HP: 23/34 MP: 1/9
  3230 | D:3      | Found a sacrificial altar of Ru.
  3230 | D:3      | Found a deep blue altar of Sif Muna.
  3448 | D:3      | Noticed Grinder
  4016 | D:3      | Noticed Natasha
  4021 | D:3      | Killed Natasha
  4279 | D:4      | Reached XP level 6. HP: 31/39 MP: 4/10
  4528 | D:4      | Reached skill level 6 in Long Blades
  4759 | D:4      | Reached XP level 7. HP: 32/45 MP: 5/11
  5139 | D:4      | Learned a level 3 spell: Regeneration
  5180 | D:4      | Reached skill level 7 in Long Blades
  5350 | D:4      | Found a staircase to the Ecumenical Temple.
  5356 | Temple   | Entered the Ecumenical Temple
  5360 | Temple   | Became a worshipper of Ashenzari the Shackled
  5653 | D:5      | Entered Level 5 of the Dungeon
  5683 | D:5      | Reached skill level 1 in Shields
  5683 | D:5      | Reached skill level 1 in Necromancy
  6398 | D:5      | Reached XP level 8. HP: 30/50 MP: 1/12
  6855 | D:6      | Reached skill level 5 in Charms
  6863 | D:6      | Found a glowing drain.
  6956 | Sewer    | Entered a sewer
  7273 | Sewer    | Reached skill level 8 in Long Blades
  7573 | D:6      | Found a shadowy altar of Dithmenos.
  7926 | D:6      | Reached * piety under Ashenzari
  7950 | D:6      | Found a shattered altar of Ashenzari.
  8392 | D:7      | Noticed Pikel
  8425 | D:6      | Killed Pikel
  8425 | D:6      | Reached skill level 9 in Long Blades
  8425 | D:6      | Reached XP level 9. HP: 30/54 MP: 2/13
  8547 | D:7      | Found Keyx's Food Shop.
  8574 | D:7      | Noticed Dowan
  8585 | D:7      | Killed Dowan
  8611 | D:7      | Found Byon's Antique Armour Emporium.
  8623 | D:7      | Bought a pair of embroidered boots for 241 gold pieces
  8670 | D:7      | Found a shimmering altar of Xom.
  8671 | D:7      | Found a shimmering altar of Xom.
  8672 | D:7      | Found a shimmering altar of Xom.
  8704 | D:7      | Noticed Duvessa
  8715 | D:7      | Killed Duvessa
  8776 | D:7      | Noticed a six-headed hydra
  8836 | D:7      | HP: 2/54 [six-headed hydra (7)]
  8837 | D:7      | Slain by a six-headed hydra

Skill      XL: |  1  2  3  4  5  6  7  8  9 |
---------------+----------------------------+-----
Long Blades    | 3 4 5 6 7 9 |  9.2
Translocations | 1 2 3 |  3.1
Hexes          | 2 4 |  4.1
Charms         | 4 6 7 |  7.0
Shields        | 2 4 |  4.7
Necromancy     | 1 3 |  3.0
Fighting       | |  2.0
Armour         | |  0.8
Dodging        | |  1.1
Spellcasting   | |  2.4

Action                   |  1- 3 |  4- 6 |  7- 9 || total
-------------------------+-------+-------+-------++-------
Melee: Falchion          |   116 |   145 |   284 ||   545
       Rapier            |       |       |    22 ||    22
 Fire: Hand crossbow     |       |       |     9 ||     9
 Cast: Infusion          |    15 |    12 |     3 ||    30
       Shroud of Golubri |     5 |    13 |    26 ||    44
       Spectral Weapon   |     2 |     7 |    34 ||    43
       Regeneration      |       |       |    19 ||    19
Evoke: Wand              |       |       |     3 ||     3
  Use: Scroll            |       |       |     8 ||     8
       Potion            |       |       |     1 ||     1
 Stab: Sleeping          |     1 |     2 |       ||     3
       Distracted        |     1 |       |     4 ||     5
  Eat: Chunk             |     4 |    11 |    19 ||    34
       Beef jerky        |       |       |     1 ||     1
       Fruit             |       |       |     4 ||     4
Armor: Leather armour    |    28 |    39 |    87 ||   154
Dodge: Dodged            |    83 |    76 |   142 ||   301
       Rpst.: Falchion   |    26 |    21 |    48 ||    95
